 Dungeon Crawl Stone Soup version 0.31-a0-1610-g9787180647 (webtiles) character file.

Game seed: 17225171074940171714

798 Dirtsage the Changeling (level 7, -4/47 HPs)
             Began as an Octopode Shapeshifter on Jan 8, 2024.
             Slain by an ice beast (12 damage)
             ... on level 5 of the Dungeon.
             The game lasted 00:07:05 (4301 turns).

Dirtsage the Changeling (Octopode Shapeshifter)     Turns: 4301, Time: 00:07:06

Health: -4/47      AC:  1    Str: 14    XL:     7   Next: 89%
Magic:  16/16      EV: 14    Int: 12    God:
Gold:   236        SH:  0    Dex: 13    Spells: 6/6 levels left

rFire   . .          .
                       - Unarmed
rCold   . . .        (no shield)
rNeg    . . .        (helmet currently unavailable)
rPois   .            (no amulet)
rElec   .            d - ring of magical power
rCorr   .            (no ring)
SInv    .            (no ring)
Will    .....        (no ring)
Stlth   +++          (no ring)
HPRegen 0.27/turn    (no ring)
MPRegen 0.15/turn    (no ring)
                     (no ring)

%: no passive effects
@: beast-form
A: beast (slay +3), almost no armour, amphibious, 8 rings, camouflage 1,
gelatinous body 1, nimble swimmer 1, tentacles
a: Begin Untransformation


You were on level 5 of the Dungeon.
You were a hulking beast.
You visited 1 branch of the dungeon, and saw 5 of its levels.

You collected 236 gold pieces.

Inventory:

Missiles
 n - 2 curare-tipped darts (quivered)
 q - a throwing net
Jewellery
 d - a ring of magical power (left tentacle)
Talismans
 b - a beast talisman
 c - a flux talisman
Scrolls
 e - 2 scrolls of fear {unknown}
 f - a scroll of enchant armour {unknown}
 h - a scroll of revelation {unknown}
 k - a scroll of poison {unknown}
 m - 2 scrolls of vulnerability {unknown}
 o - 3 scrolls of identify {unknown}
Potions
 a - a potion of lignification
 g - 2 potions of mutation {unknown}
 i - 3 potions of might {unknown}
 j - 2 potions of curing {unknown}
 l - a potion of resistance {unknown}
 p - a potion of enlightenment {unknown}


   Skills:
 + Level 3.8 Fighting
 + Level 4.2 Dodging
 + Level 4.7 Unarmed Combat
 * Level 5.7 Shapeshifting


You had 6 spell levels left.
You didn't know any spells.
Your spell library contained the following spells:

 Spells                   Type           Power      Damage    Failure   Level
 Freeze                   Ice            0%         1d3       32%         1
 Magic Dart               Conj           0%         1d3       32%         1
 Searing Ray              Conj           0%         2d4       45%         2
 Frozen Ramparts          Ice            0%         1d1       69%         3
 Hailstorm                Conj/Ice       0%         3d5       69%         3
 Inner Flame              Hex/Fire       0%         N/A       69%         3
 Fulminant Prism          Conj/Alch      0%         3d5       97%         4
 Irradiate                Conj/Alch      0%         3d11      100%        5
 Ignition                 Fire           0%         3d3       100%        8


Dungeon Overview and Level Annotations

Branches:
Dungeon (5/15)
 Temple: D:4-7

Altars:
Elyvilon
Nemelex Xobeh
Qazlal

Shops:
D:1 [   D:3 (

Annotations:
D:2 1 runed translucent door, Crazy Yiuf


Innate Abilities, Weirdness & Mutations

You are a hulking beast.
Your limbs bulge with bestial killing power. (Slay +3)
You cannot wear most types of armour.
You are amphibious.
You can wear up to eight rings at the same time.
Your skin changes colour to match your surroundings (Stealth+).
Your rubbery body absorbs attacks. (AC +1, EV +1)
You are camouflaged when in or above water. (Stealth+)
You have tentacles for arms and can constrict up to eight enemies at once.


Message History

You bludgeon the orc!
You kill the orc!
You hear a splash.
No target in view!
No target in view!
An ice beast comes into view.
You enter the deep water.
The ice beast barely misses you.
You tentacle-slap the ice beast.
You squeeze the ice beast, but do no damage.
The ice beast is lightly wounded.
The ice beast hits you. The ice beast freezes you!
You take 16 damage, and have 31/47 hp.
MASSIVE DAMAGE!!
You barely miss the ice beast.
The ice beast is lightly wounded.
The ice beast completely misses you.
You tentacle-slap the ice beast. You squeeze the ice beast.
The ice beast is heavily wounded.
The ice beast barely misses you.
You closely miss the ice beast. Your squeeze misses the ice beast.
The ice beast is heavily wounded.
The ice beast closely misses you.
You tentacle-slap the ice beast but do no damage.
The ice beast is heavily wounded.
The ice beast hits you. The ice beast freezes you.
You take 8 damage, and have 24/47 hp.
You tentacle-slap the ice beast. You squeeze the ice beast!
The ice beast is severely wounded.
The ice beast hits you. The ice beast freezes you!
* * * LOW HITPOINT WARNING * * *
You take 13 damage, and have 11/47 hp.
MASSIVE DAMAGE!!
You tentacle-slap the ice beast.
The ice beast is almost dead.
The ice beast closely misses you.
You tentacle-slap the ice beast but do no damage.
The ice beast is almost dead.
The ice beast hits you.
* * * LOW HITPOINT WARNING * * *
The ice beast freezes you!
You die...

.# ... #.## ♣♣♣ ..... ♣♣
♣♣♣.♣♣♣ ♣♣##.#.## .♣♣
♣♣.....♣♣ ♣♣........
.)♣♣♣.......♣♣♣........$
...♣...≈~≈.^.♣...≈~≈...#
≈.....≈≈~≈≈.....hY~≈≈...
~...).~~_~).....~~♣~~.$.
≈.....≈≈~≈≈.....≈≈~≈≈..#
...♣...≈~≈...♣...≈~≈..).
..♣♣♣.......♣♣♣.......##
.♣♣ ♣♣.....♣♣ ♣♣.....##
♣♣ ♣♣♣.♣♣♣ ♣♣.#### # ♣♣♣
.. ##


You could see an ice beast.

Vanquished Creatures
  Menkaure (D:4)
  A black bear (D:4)
  A kobold brigand (D:3)
  A scorpion (D:5)
  A bombardier beetle (D:5)
  2 jellies (D:5)
  A hound (D:4)
  Jessica (D:2)
  Terence (D:2)
  An orc wizard (D:4)
  Natasha (twice) (D:4)
  9 adders
  A white imp (D:5)
  2 ufetubi (D:5)
  2 dart slugs
  A ribbon worm (D:2)
  10 orcs
  7 bats
  9 endoplasms
  3 giant cockroaches
  5 goblins
  6 hobgoblins
  6 jackals
  2 quokkas
  5 ball pythons
  2 frilled lizards
  17 kobolds
  5 rats
105 creatures vanquished.

Notes
Turn   | Place    | Note
-------+----------+-------------------------------------------
     0 | D:1      | Dirtsage the Octopode Shapeshifter began the quest for the
                  | Orb.
     0 | D:1      | Reached XP level 1. HP: 13/13 MP: 1/1
   254 | D:1      | Found Caplir's Antique Armour Boutique.
   352 | D:1      | Reached XP level 2. HP: 18/18 MP: 2/2
   477 | D:1      | You fall into a shaft and drop 1 floor!
   512 | D:2      | Reached XP level 3. HP: 12/23 MP: 3/3
   687 | D:2      | Found a runed translucent door.
   688 | D:2      | Noticed Crazy Yiuf
   751 | D:2      | Noticed Jessica
   760 | D:2      | Killed Jessica
   761 | D:2      | Reached XP level 4. HP: 29/29 MP: 4/4
  1418 | D:2      | Noticed Terence
  1427 | D:2      | Killed Terence
  1428 | D:2      | Reached skill level 4 in Shapeshifting
  1428 | D:2      | Reached XP level 5. HP: 24/34 MP: 5/5
  1809 | D:3      | Noticed a kobold brigand
  1823 | D:3      | Killed a kobold brigand
  2030 | D:3      | Found Olamaosh's Weapon Shoppe.
  2082 | D:3      | Reached XP level 6. HP: 41/41 MP: 6/6
  2122 | D:3      | Found a stormy altar of Qazlal.
  2128 | D:3      | Found a sparkling altar of Nemelex Xobeh.
  2640 | D:4      | Noticed Natasha
  2648 | D:4      | Killed Natasha
  2976 | D:4      | Noticed a black bear
  2984 | D:4      | Killed a black bear
  2985 | D:4      | Reached skill level 5 in Shapeshifting
  3038 | D:4      | Noticed Menkaure
  3045 | D:4      | HP: 2/42 [Menkaure (9)]
  3046 | D:4      | Killed Menkaure
  3047 | D:4      | Reached XP level 7. HP: 3/46 MP: 7/7
  3835 | D:4      | Noticed Natasha
  3840 | D:4      | Killed Natasha
  3878 | D:5      | Entered Level 5 of the Dungeon
  4199 | D:5      | Found a white marble altar of Elyvilon.
  4301 | D:5      | Slain by an ice beast

Illustrated notes

Levels and vault maps discovered:
D:1:      minmay_arrival_nine_rooms, layout_basic, serial_shops,
          nicolae_shop_behind_doors
D:2:      layout_rooms, uniq_crazy_yiuf_cottage, uniq_terence, uniq_jessica
D:3:      cheibrodos_thug_alley, layout_basic,
          mainiacjoe_overflow_catwalk_spiral, serial_shops, shop,
          chequers_serial_rivers_marsh
D:4:      layout_basic, uniq_natasha, uniq_menkaure
D:5:      layout_basic, elyvilon_altar_3, serial_glass, glass_columns_b,
          glass_columns_b

Skill      XL: |  1  2  3  4  5  6  7 |
---------------+----------------------+-----
Fighting       | 2 3 |  3.8
Shapeshifting  | 4 5 |  5.7
Dodging        | 3 4 |  4.2
Unarmed Combat | 4 |  4.7

Action                     |  1- 3 |  4- 6 |  7- 9 || total
---------------------------+-------+-------+-------++-------
  Melee: Unarmed           |    40 |   149 |    55 ||   244
         Constrict         |    10 |    35 |    14 ||    59
         Tentacles         |     5 |    37 |    16 ||    58
         Punch             |       |     4 |       ||     4
   Stab: Sleeping          |     6 |     9 |     2 ||    17
         Distracted        |       |     1 |       ||     1
 Armour: Skin              |    14 |    67 |    25 ||   106
  Dodge: Dodged            |    32 |    73 |    27 ||   132

Table legend: (Time is in decaauts)
 A = Elapsed time spent in this place.
 B = Non-inter-level travel time spent in this place.
 C = Inter-level travel time spent in this place.
 D = Time resting spent in this place.
 E = Time spent auto-exploring this place.
 F = Levels seen in this place.
 G = Mean time per level.
                   A        B        C        D        E       F      G
               +--------+--------+--------+--------+--------+-----+--------+
         Total |   4288 |   4143 |    145 |      0 |   3524 |   5 |  857.6 |
       Dungeon |   4288 |   4143 |    145 |      0 |   3524 |   5 |  857.6 |
               +--------+--------+--------+--------+--------+-----+--------+

Top non-repeatable levels by time:
     D:4: 1298 daAuts
     D:1: 955 daAuts
     D:3: 819 daAuts
     D:2: 795 daAuts
     D:5: 419 daAuts
